 Dungeon Crawl Stone Soup version 0.21.1-1-g345015f (webtiles) character file.

172 Kurtz the Ruffian (level 5, -5/41 HPs)
             Began as a Mummy Monk on Mar 12, 2018.
             Slain by an ogre
             ... wielding a +0 giant club
              (24 damage)
             ... on level 4 of the Dungeon.
             The game lasted 00:05:44 (7314 turns).

Kurtz the Ruffian (Mummy Monk)                      Turns: 7314, Time: 00:05:45

Health: -5/41      AC:  0    Str: 21    XL:     5   Next: 27%
Magic:  5/5        EV: 13    Int:  9    God:
Gold:   168        SH:  0    Dex: 14    Spells: 4/4 levels left

rFire    x . .     SeeInvis .     - Unarmed
rCold    + . .     Gourm    .   (no shield)
rNeg     + + +     Faith    .   (no armour)
rPois    ∞         Spirit   .   (no helmet)
rElec    .         Reflect  .   (no cloak)
rCorr    .         Harm     .   (no gloves)
MR       .....                  (no boots)
Stlth    +++.......             (no amulet)
HPRegen  0.13/turn              b - ring of stealth
MPRegen  0.09/turn              c - +5 ring of strength

@: no status effects
A: no food or potions, fire vulnerability, cold resistance 1, negative energy
resistance 3, torment resistance, unbreathing
a: no special abilities


You were on level 4 of the Dungeon.
You were not hungry.

You visited 1 branch of the dungeon, and saw 4 of its levels.

You collected 168 gold pieces.

Inventory:

Missiles
 e - 36 bolts (quivered)
Jewellery
 a - an uncursed amulet of rage {unknown}
 b - a ring of stealth (left hand)
 c - a +5 ring of strength (right hand)
 f - an uncursed ring of protection from magic
Scrolls
 d - 2 scrolls of noise {unknown}
 h - a scroll of blinking {unknown}
 i - a scroll of teleportation {unknown}
 j - a scroll of fear {unknown}
Comestibles
 g - 4 rations


   Skills:
 - Level 3.0 Fighting
 - Level 2.4 Dodging
 - Level 2.1 Stealth
 * Level 4.8 Unarmed Combat


You had 4 spell levels left.
You didn't know any spells.

Dungeon Overview and Level Annotations

Branches:
Dungeon (4/15)
 Temple: D:4-7

Altars:
Okawaru
Trog


Innate Abilities, Weirdness & Mutations

You do not eat or drink.
Your flesh is vulnerable to fire.
You are immune to poison.
Your flesh is cold resistant. (rC+)
You are immune to negative energy. (rN+++)
You are immune to unholy pain and torment.
You can survive without breathing.


Message History

(D) Dungeon
Where to? (Enter - D:3, ? - help)
There is an open door here.
There is an open door here.
There is an escape hatch in the ceiling here.
There is a stone staircase leading down here.
You climb downwards.
A scorpion and an ogre come into view.
Found a fuming sapphire potion and 19 arrows.
There is a stone staircase leading up here.
The helpless ogre fails to defend itself.
You hit the ogre.
The ogre is lightly wounded.
You hit the ogre but do no damage.
The ogre is lightly wounded.
The ogre hits you with a giant club!!
Ouch! That really hurt!
The ogre hits you with a giant club!!
Ouch! That really hurt!
You die...

######
###......
##........
#.@.......
...s..O..#.....
........... ...
..#####.##... !
. #.# ##... #.#
.. ... ( ...


You could see an ogre and a scorpion.

Vanquished Creatures
  Jessica (D:2)
  A worker ant (D:3)
  4 adders
  A worm (D:3)
  2 dart slugs (D:3)
  2 leopard geckos (D:1)
  4 orcs (D:3)
  4 giant cockroaches
  5 goblins
  7 hobgoblins
  11 jackals
  9 kobolds
  2 ball pythons
  10 bats
  6 frilled lizards
  2 rats
71 creatures vanquished.

Notes
Turn   | Place    | Note
-------+----------+-------------------------------------------
     0 | D:1      | Kurtz the Mummy Monk began the quest for the Orb.
     0 | D:1      | Reached XP level 1. HP: 18/18 MP: 1/1
   173 | D:1      | Reached skill level 3 in Unarmed Combat
   173 | D:1      | Reached XP level 2. HP: 18/24 MP: 2/2
  1405 | D:2      | Reached XP level 3. HP: 25/29 MP: 3/3
  2018 | D:3      | Reached XP level 4. HP: 24/35 MP: 4/4
  2135 | D:3      | Reached skill level 4 in Unarmed Combat
  6539 | D:4      | Noticed an ogre
  6642 | D:2      | Reached XP level 5. HP: 41/41 MP: 5/5
  6769 | D:2      | Noticed Jessica
  6792 | D:2      | Killed Jessica
  6847 | D:2      | Found a bloodstained altar of Trog.
  6847 | D:2      | Found an iron altar of Okawaru.
  6880 | D:2      | Noticed an ogre
  7311 | D:4      | Noticed an ogre
  7314 | D:4      | Slain by an ogre

Skill      XL: |  1  2  3  4 |
---------------+-------------+-----
Unarmed Combat | 3 4 |  4.8
Stealth        | 2 |  2.1
Fighting       | |  3.0
Dodging        | |  2.4

Action                   |  1- 3 |  4- 6 || total
-------------------------+-------+-------++-------
Melee: Unarmed           |   146 |   117 ||   263
       Punch             |       |     3 ||     3
 Stab: Sleeping          |     5 |     4 ||     9
Dodge: Dodged            |   121 |    59 ||   180
